 Dungeon Crawl Stone Soup version 0.25.0-11-g1f837a76a1 (webtiles) character file.

Game seed: 18126343216419338847

91 MisterFreud the Ruffian (level 4, 0/44 HPs)
             Began as a Troll Fighter on June 27, 2020.
             Slain by Natasha (2 damage)
             ... on level 2 of the Dungeon.
             The game lasted 00:01:41 (1155 turns).

MisterFreud the Ruffian (Troll Fighter)             Turns: 1155, Time: 00:01:41

Health: 0/44       AC:  6    Str: 25    XL:     4   Next: 33%
Magic:  3/3        EV:  8    Int:  4    God:
Gold:   71         SH:  8    Dex:  9    Spells: 3/3 levels left

rFire    . . .     SeeInvis .     - Unarmed
rCold    . . .     Gourm    +   b - +0 kite shield
rNeg     . . .     Faith    .   a - +0 robe
rPois    .         Spirit   .   (helmet restricted)
rElec    .         Reflect  .   (no cloak)
rCorr    .         Harm     .   (gloves unavailable)
MR       .....                  (boots unavailable)
Stlth    +.........             (no amulet)
HPRegen  0.54/turn              (no ring)
MPRegen  0.08/turn              (no ring)

@: flying, hasted and slowed
A: large, unfitting armour, claws 3, fast metabolism 3, gourmand, regeneration
1, shaggy fur 1, tough skin 3
a: no special abilities


You were on level 2 of the Dungeon.
You were completely stuffed.

You visited 1 branch of the dungeon, and saw 2 of its levels.

You collected 71 gold pieces.

Inventory:

Missiles
 f - 4 boomerangs (quivered)
 n - 17 poisoned darts
Armour
 a - a +0 robe (worn)
 b - a +0 kite shield (worn)
Scrolls
 e - 3 scrolls of identify {unknown}
 g - 2 scrolls of remove curse {unknown}
 k - a scroll of enchant armour {unknown}
Potions
 c - 4 potions of might
 j - a potion of curing {unknown}
 l - a potion of ambrosia {unknown}
 m - a potion of degeneration {unknown}
Comestibles
 d - 5 rations
 o - 5 chunks of flesh


   Skills:
 - Level 2.4 Fighting
 - Level 2.4 Dodging
 - Level 2.4 Shields
 + Level 4.6 Unarmed Combat


You had 3 spell levels left.
You didn't know any spells.
Your spell library was empty.

Dungeon Overview and Level Annotations

Branches:
Dungeon (2/15)

Altars:

Annotations:
D:2 1 runed translucent door, Crazy Yiuf, Natasha


Innate Abilities, Weirdness & Mutations

You are too large for most types of armour.
You have claws for hands.
Your metabolism is lightning-fast.
You like to eat raw meat.
Your natural rate of healing is unusually fast.
You are covered in fur. (AC +1)
You have extremely tough skin. (AC +3)


Message History

Unknown command.
You barely miss Natasha.
Natasha is heavily wounded.
Natasha claws you.
* * * LOW HITPOINT WARNING * * *
The rat closely misses you.
Unknown command.
Unknown command.
Okay, then.
Unknown command.
Sorry, you're not good enough to have a special ability.
It was a potion of haste.
You feel yourself speed up.
Natasha zaps a wand.
The puff of flame hits you.
* * * LOW HITPOINT WARNING * * *
The rat bites you but does no damage. You block Natasha's attack.
The rat closely misses you.
It was a potion of flight.
You feel very buoyant.
You fly up into the air.
Natasha claws you.
You die...

... ..# ######## ##.## #.# #.#
.......# #...####.######.#
.#####.# .<. ......>...## .##.##.#
... #.###...... .....#.# # #.#
#.....#..## .....#<######.. #.#
#.^####..##
.##........##..##.#####..###.....
.###.#.###.....h@....รท...........
.# #.#.........r..##.###.###...##
.# #.##....)...##.##.# #.# #...#
.# #....###.#.. #.##.# #.# #...##
.# ####.# # #. #.##.# #.........
.# #.# #. #?##.# #..##..### .# #.#
. ..##.# ..##..### .# #.# ##
####.# #..... .# #.. #.. #.####


You could see Natasha and a rat.

Vanquished Creatures
  Natasha (D:2)
  2 adders (D:2)
  2 oozes (D:1)
  A dart slug (D:2)
  A leopard gecko (D:1)
  2 bats (D:2)
  7 goblins (D:1)
  4 hobgoblins
  3 jackals (D:1)
  3 kobolds
  6 frilled lizards
  6 rats
38 creatures vanquished.

Notes
Turn   | Place    | Note
-------+----------+-------------------------------------------
     0 | D:1      | MisterFreud the Troll Fighter began the quest for the Orb.
     0 | D:1      | Reached XP level 1. HP: 22/22 MP: 0/0
    83 | D:1      | Reached XP level 2. HP: 29/29 MP: 1/1
    84 | D:1      | Reached skill level 3 in Unarmed Combat
   471 | D:1      | Reached XP level 3. HP: 36/36 MP: 2/2
   848 | D:2      | Found a runed translucent door.
   849 | D:2      | Noticed Crazy Yiuf
   981 | D:2      | Reached skill level 4 in Unarmed Combat
  1098 | D:2      | Noticed Natasha
  1107 | D:2      | Killed Natasha
  1107 | D:2      | Reached XP level 4. HP: 36/44 MP: 3/3
  1145 | D:2      | Noticed Natasha
  1154 | D:2      | HP: 1/44 [Natasha/puff of flame (6)]
  1155 | D:2      | Slain by Natasha

Illustrated notes

Levels and vault maps discovered:
D:1:      shiori_arrival_maze, layout_loops_corners
D:2:      layout_loops_ring, uniq_natasha, uniq_crazy_yiuf_cottage

Skill      XL: |  1  2  3 |
---------------+----------+-----
Unarmed Combat | 3 4 |  4.6
Fighting       | |  2.4
Dodging        | |  2.4
Shields        | |  2.4

Action                   |  1- 3 |  4- 6 || total
-------------------------+-------+-------++-------
Melee: Unarmed           |    94 |     6 ||   100
  Use: Potion            |       |     2 ||     2
 Stab: Sleeping          |     2 |       ||     2
  Eat: Chunk             |    16 |       ||    16
Armor: Robe              |    25 |     3 ||    28
Dodge: Dodged            |    32 |     3 ||    35
Block: Kite shield       |    33 |     1 ||    34
